 Dungeon Crawl Stone Soup version 0.27-a0-29-g2d0a2396b0 (webtiles) character file.

Game seed: 15314002886628061751

2463 domi the Destroyer (level 9, -8/62 HPs)
             Began as a Ghoul Conjurer on Jan 4, 2021.
             Was a Priest of Vehumet.
             Shot with an arrow by a centaur (14 damage)
             ... on level 7 of the Dungeon.
             The game lasted 00:26:20 (11257 turns).

domi the Destroyer (Ghoul Conjurer)                Turns: 11257, Time: 00:26:21

Health: -8/62      AC:  4    Str: 11    XL:     9   Next: 50%
Magic:  24/24      EV: 12    Int: 16    God:    Vehumet [***...]
Gold:   486        SH:  0    Dex: 13    Spells: 2/18 levels left

rFire    + . .     SeeInvis .   r - +0 dagger (venom)
rCold    + + .     Faith    .   (no shield)
rNeg     + + +     Spirit   .   a - +1 robe
rPois    ∞         Reflect  .   (no helmet)
rElec    .         Harm     .   d - scarf {rC+ rF+}
rCorr    .         Rampage  .   (no gloves)
Will     .....                  h - +0 pair of boots
Stlth    ++........             (no amulet)
HPRegen  0.00/turn              l - ring of magical power {MP+9}
MPRegen  0.19/turn              n - +6 ring of dexterity

@: no status effects
A: claws 1, cold resistance 1, negative energy resistance 3, inhibited
regeneration, torment resistance, unbreathing
a: Renounce Religion


You were on level 7 of the Dungeon.
You worshipped Vehumet.
Vehumet was most pleased with you.
You visited 1 branch of the dungeon, and saw 7 of its levels.
You also visited: Sewer.

You collected 486 gold pieces.

Inventory:

Hand Weapons
 e - a +2 dagger of freezing
   (You took it off a kobold in a sewer)
 r - a +0 dagger of venom (weapon)
   (You took it off a goblin on level 3 of the Dungeon)
 D - the +2 falchion of the Freezing Queen {vorpal, *Corrode rC+++ rN++ Will-, unknown}
   (You found it on level 6 of the Dungeon)

   It inflicts extra damage upon your enemies.
   It renders you almost immune to cold.
   It greatly protects you from negative energy.
   It affects your willpower, your defense against some magical effects.
   It may corrode you when you take damage.
Missiles
 s - 54 poisoned darts
 B - 6 curare-tipped darts {=f}
 E - 6 boomerangs
Armour
 a - a +1 robe (worn)
 d - a scarf of resistance (worn)
   (You found it on level 5 of the Dungeon)
 h - a +0 pair of boots (worn)
   (You found it on level 1 of the Dungeon)
 j - cursed +0 swamp dragon scales
   (You took it off Maggie on level 6 of the Dungeon)
 w - a +0 cloak
   (You found it on level 4 of the Dungeon)
Jewellery
 l - a ring of magical power (left claw) {MP+9}
   (You found it on level 1 of the Dungeon)
 n - a +6 ring of dexterity (right claw)
   (You found it on level 2 of the Dungeon)
 y - an uncursed ring of poison resistance {rPois}
   (You found it on level 4 of the Dungeon)
 F - an uncursed ring of resist corrosion {unknown}
   (You found it on level 7 of the Dungeon)
Wands
 v - a wand of flame (41)
   (You took it off a goblin on level 4 of the Dungeon)
Scrolls
 g - 3 scrolls of remove curse
 o - 3 scrolls of teleportation {@r4}
 q - 2 scrolls of fear
 A - 2 scrolls of fog
 C - a scroll of blinking
Potions
 b - a potion of lignification {!q}
 c - 2 potions of mutation {unknown}
 f - 2 potions of flight
 i - 3 potions of attraction {!q}
 k - 2 potions of haste {@q3}
 m - 2 potions of degeneration {unknown}
 p - 2 potions of might {unknown}
 t - a potion of brilliance {unknown}
 u - a potion of cancellation {unknown}
 x - a potion of magic {unknown}
 z - 3 potions of curing {@q1}


   Skills:
 - Level 1.7 Dodging
 - Level 2.1 Stealth
 - Level 5.0 Spellcasting
 * Level 8.9 Conjurations
 - Level 3.0 Hexes
 - Level 3.0 Air Magic


You had 2 spell levels left.
You knew the following spells:

 Your Spells              Type           Power        Failure   Level
c - Iskenderun's Mystic   Conj/Tloc      18%          7%          4
i - Freeze                Ice            16%          4%          1
u - Shock                 Conj/Air       92%          1%          1
x - Searing Ray           Conj           64%          1%          2
y - Dazzling Flash        Conj/Hex       46%          1%          3
z - Magic Dart            Conj           100%         1%          1
Z - Fulminant Prism       Conj/Hex       11%          3%          4

Your spell library contained the following spells:

 Spells                   Type           Power        Failure   Level
 Conjure Flame            Conj/Fire      18%          2%          3


Dungeon Overview and Level Annotations

Branches:
Dungeon (7/15)             Temple (0/1) D:5           Sewer (visited)

Altars:
Dithmenos
Elyvilon
Fedhas
Gozag
Nemelex Xobeh
Ru
Sif Muna
Vehumet
Wu Jian
Yredelemnul
Zin
The Shining One

Shops:
D:6 *

Annotations:
D:6 exclusion: oklob plant


Innate Abilities, Weirdness & Mutations

You thrive by killing the living.
You are immune to poison.
You have sharp fingernails.
Your flesh is cold resistant. (rC+)
You are immune to negative energy. (rN+++)
You do not regenerate when monsters are visible.
You are immune to unholy pain and torment.
You can survive without breathing.


Message History

You kill the orc!
Vehumet accepts your kill.
You feel your power returning.
The orc priest shouts!
Aim: an orc priest (0% to evade)
The magic dart hits the orc priest.
An orc comes into view. It is wielding a -2 mace.
You now have 21/24 mp.
Aim: an orc priest (moderately wounded, 0% to evade)
The magic dart hits the orc priest.
The orc shouts!
Aim: an orc priest (heavily wounded, 0% to evade)
The magic dart hits the orc priest.
You now have 20/24 mp.
Aim: an orc priest (almost dead, 0% to evade)
The magic dart hits the orc priest.
You kill the orc priest!
Vehumet accepts your kill.
Vehumet is now aiding your destructive spells.
You feel your power returning.
Aim: an orc, wielding a -2 mace (0% to evade)
The magic dart hits the orc.
You now have 19/24 mp.
Aim: an orc, wielding a -2 mace (almost dead, 0% to evade)
The magic dart hits the orc.
You kill the orc!
Vehumet accepts your kill.
You feel your power returning.
You can't see any susceptible monsters within range! (Use Z to cast anyway.)
You can't see any susceptible monsters within range! (Use Z to cast anyway.)
You can't see any susceptible monsters within range! (Use Z to cast anyway.)
Items here: )) [ †.
MP restored: 24
E - 6 boomerangs (gained 2)
You see here a +0 trident.
You now have 462 gold pieces (gained 10).
You see here an adder skeleton.
You enter the shallow water.
Moving in this stuff is going to be slow.
Partly explored, can't reach some places.
Partly explored, can't reach some places.
Partly explored, can't reach some places.
Partly explored, can't reach some places.
Partly explored, can't reach some places.
Partly explored, can't reach some places.
(D) Dungeon (T) Temple
Where to? (Enter - D:6, ? - help)
There is a stone staircase leading up here.
You see here a +2 broad axe of flaming.
There is a stone staircase leading down here.
You climb downwards.
There is a stone staircase leading up here.
You now have 475 gold pieces (gained 13).
A - 2 scrolls of fog (gained 1)
Found a stone staircase leading down.
Found a runed rapier.
c - 2 smoky brown potions (gained 1)
Found a sacrificial altar of Ru.
F - a notched cabochon ring You now have 486 gold pieces (gained 11).
A centaur comes into view.
A centaur is nearby!
Aim: a centaur, quivering 26 arrows (wandering, hasn't noticed you, 0% to evade)
The magic dart hits the centaur.
The centaur shouts!
The centaur wields a +0 shortbow.
The centaur shoots an arrow.
The arrow hits you!
The centaur shoots an arrow.
The arrow hits you!
You take 21 damage, and have 41/62 hp.
MASSIVE DAMAGE!!
You now have 23/24 mp.
The centaur shoots an arrow.
The arrow hits you!
You see here an arrow.
You take 11 damage, and have 30/62 hp.
The centaur shoots an arrow.
The arrow hits you.
You see here an arrow.
You take 5 damage, and have 25/62 hp.
The centaur shoots an arrow.
The arrow hits you.
You see here an arrow.
You take 2 damage, and have 23/62 hp.
MP restored: 24 The centaur shoots an arrow.
The arrow misses you.
You see here an arrow.
The centaur shoots an arrow.
The arrow hits you.
You see here an arrow.
You take 4 damage, and have 20/62 hp.
The centaur shoots an arrow.
The arrow hits you.
* * * LOW HITPOINT WARNING * * *
The centaur shoots an arrow.
The arrow hits you!
* * * LOW HITPOINT WARNING * * *
You see here 2 arrows.
You take 11 damage, and have 9/62 hp.
You start resting.
A centaur is nearby!
The centaur shoots an arrow.
The arrow hits you.
* * * LOW HITPOINT WARNING * * *
You see here an arrow.
You take 3 damage, and have 6/62 hp.
The centaur shoots an arrow.
The arrow closely misses you.
The centaur shoots an arrow.
The arrow hits you!
You die...

#. ####### ###.
#..#..## #..< ###
#......#####.
##.###....>..####.
#....#............
###.......)........#
###........##.......##
#....@.....###......#
###.(#####.# ###......
####..# ..# ####..#
####..##.# #.# ..##
#....(((.# ..# ...
##..((....# ... ..#
##.............._.
....
##..(......c####...
#..(........#


You could see a centaur.

Vanquished Creatures
  Maggie (D:6)
  Grinder (Sewer)
  Eustachio (D:4)
  An orc warrior (D:6)
  3 ogres
  3 phantoms
  A centaur (D:5)
  A big kobold (Sewer)
  A wight (Sewer)
  A hound (D:5)
  A jelly (D:5)
  3 orc priests (D:6)
  A gnoll shaman (D:5)
  A centaur skeleton (D:5)
  3 iguanas
  Terence (D:3)
  An orc wizard (D:6)
  3 worker ants
  3 big kobold zombies (Sewer)
  A hound skeleton (D:4)
  18 gnolls
  11 adders
  3 shadow imps (Sewer)
  2 white imps
  4 ufetubi
  7 oozes
  An adder zombie (D:5)
  2 adder skeletons
  5 worms
  2 dart slugs
  7 leopard geckos
  14 orcs
  6 giant cockroaches
  9 goblins
  15 hobgoblins
  12 jackals
  5 quokkas
  A ball python (D:2)
  13 bats
  11 frilled lizards
  A jackal skeleton (D:5)
  A jackal zombie (D:6)
  26 kobolds
  3 leopard gecko skeletons
  A quokka skeleton (D:5)
  11 rats
223 creatures vanquished.

Vanquished Creatures (others)
  23 plants
23 creatures vanquished.

Grand Total: 246 creatures vanquished

Notes
Turn   | Place    | Note
-------+----------+-------------------------------------------
     0 | D:1      | domi the Ghoul Conjurer began the quest for the Orb.
     0 | D:1      | Reached XP level 1. HP: 14/14 MP: 2/2
    19 | D:1      | HP: 1/14 [hobgoblin (5)]
   719 | D:1      | Reached XP level 2. HP: 20/20 MP: 1/3
   746 | D:1      | Learned a level 2 spell: Searing Ray
   790 | D:1      | Reached skill level 2 in Spellcasting
  1155 | D:1      | HP: 5/20 [rat (1)]
  1184 | D:1      | Reached XP level 3. HP: 6/26 MP: 2/5
  1226 | D:1      | HP: 4/26 [hobgoblin (2)]
  1558 | D:1      | HP: 6/26 [kobold/+0 short sword (3)]
  1961 | D:1      | Learned a level 3 spell: Dazzling Flash
  2231 | D:1      | Reached skill level 4 in Conjurations
  2548 | D:1      | HP: 5/26 [gnoll/+0 whip (8)]
  2577 | D:1      | HP: 3/26 [bat (1)]
  2599 | D:1      | Reached XP level 4. HP: 5/33 MP: 1/6
  3351 | D:2      | HP: 6/33 [ooze (3)]
  3783 | D:2      | Reached skill level 1 in Hexes
  4120 | D:2      | Reached XP level 5. HP: 26/38 MP: 0/7
  4218 | D:2      | Found a glowing golden altar of the Shining One.
  4341 | D:2      | Found a faded altar of an unknown god.
  4637 | D:2      | Found a sparkling altar of Nemelex Xobeh.
  4637 | D:2      | Found a white marble altar of Elyvilon.
  5160 | D:3      | Found an ornate altar of the Wu Jian Council.
  5305 | D:3      | Noticed Terence
  5316 | D:3      | Killed Terence
  5681 | D:3      | Reached skill level 3 in Spellcasting
  5681 | D:3      | Reached XP level 6. HP: 45/45 MP: 1/9
  5793 | D:3      | Learned a level 4 spell: Fulminant Prism
  6068 | D:3      | Reached skill level 5 in Conjurations
  6458 | D:4      | HP: 11/45 [ogre/+0 giant club (13)]
  6462 | D:4      | Reached skill level 2 in Hexes
  6910 | D:4      | Reached XP level 7. HP: 23/50 MP: 10/11
  7189 | D:4      | Found a radiant altar of Vehumet.
  7193 | D:4      | Noticed Eustachio
  7252 | D:4      | Killed Eustachio
  7253 | D:4      | Reached skill level 4 in Spellcasting
  7253 | D:4      | Reached skill level 3 in Hexes
  7343 | D:4      | Became a worshipper of Vehumet
  7548 | D:4      | Reached skill level 5 in Spellcasting
  7626 | D:4      | Learned a level 4 spell: Iskenderun's Mystic Blast
  8180 | D:4      | Found a basalt altar of Yredelemnul.
  8382 | D:5      | Entered Level 5 of the Dungeon
  8469 | D:5      | Reached XP level 8. HP: 54/57 MP: 14/14
  8480 | D:5      | HP: 14/57 [gnoll (4)]
  8484 | D:5      | Reached skill level 6 in Conjurations
  8489 | D:5      | Reached * piety under Vehumet
  8489 | D:5      | Offered knowledge of Shock by Vehumet.
  8492 | D:5      | Learned a level 1 spell: Shock
  8683 | D:5      | Found a glowing drain.
  8697 | Sewer    | Entered a sewer
  9059 | Sewer    | Found an ancient bone altar of Kikubaaqudgha.
  9146 | Sewer    | Reached skill level 1 in Air Magic
  9236 | Sewer    | Noticed Grinder
  9239 | Sewer    | Paralysed by Grinder for 7 turns
  9258 | Sewer    | Paralysed by Grinder for 6 turns
  9266 | Sewer    | Killed Grinder
  9267 | Sewer    | Reached skill level 7 in Conjurations
  9267 | Sewer    | Reached skill level 2 in Air Magic
  9376 | Sewer    | Reached ** piety under Vehumet
  9376 | Sewer    | Offered knowledge of Freeze by Vehumet.
  9531 | Sewer    | Learned a level 1 spell: Freeze
  9646 | D:5      | Reached XP level 9. HP: 62/62 MP: 14/15
  9893 | D:5      | Found a staircase to the Ecumenical Temple.
 10153 | D:5      | Found an opulent altar of Gozag.
 10153 | D:5      | Found a glowing silver altar of Zin.
 10156 | D:5      | Reached skill level 3 in Air Magic
 10157 | D:5      | Reached skill level 8 in Conjurations
 10469 | D:6      | Noticed Maggie
 10480 | D:6      | Killed Maggie
 10558 | D:6      | Found a blossoming altar of Fedhas.
 10578 | D:6      | Noticed an oklob plant
 10639 | D:6      | Offered knowledge of Conjure Flame by Vehumet.
 10716 | D:6      | Found Nokaofir's Assorted Antiques.
 10748 | D:6      | Found a shimmering blue altar of Sif Muna.
 10809 | D:6      | Got a smoking falchion
 10951 | D:6      | Found a shadowy altar of Dithmenos.
 10965 | D:6      | Reached *** piety under Vehumet
 11222 | D:7      | Found a sacrificial altar of Ru.
 11252 | D:7      | HP: 9/62 [centaur/arrow (8)]
 11257 | D:7      | Shot with an arrow by a centaur

Illustrated notes

Levels and vault maps discovered:
D:1:      dpeg_arrival_morbid_curiosity, layout_loops_ring, minmay_3d_cube
D:2:      minmay_angry_zag, layout_rooms, gammafunk_temple_overflow_wave,
          marbit_many_paths, chequers_ecumenical_altar_island,
          kennysheep_pointless_box, chequers_arboretum, minivault_19,
          minmay_misc_feat_columns
D:3:      layout_basic, lemuel_round_altar, serial_bayou, serial_bayou_lagoon_a,
          serial_bayou_pond_b, serial_bayou_pond_e, serial_bayou_shore_b,
          uniq_terence
D:4:      layout_layer_cave, vehumet_altar_wand_db, lemuel_doored_altar,
          uniq_eustachio
D:5:      layout_loops_cross, grunt_temple_overflow_gold_and_silver,
          minmay_temple_entry_statues, portal_sewer_entry_d
D:6:      layout_rooms, lemuel_round_altar, tgw_fedhas, lemuel_blue_sif_altar,
          serial_shops, nicolae_shop_overgrown_old_shop, uniq_maggie
D:7:      layout_cave_pools, nicolae_overflow_crystal_walls

Skill      XL: |  1  2  3  4  5  6  7  8  9 |
---------------+----------------------------+-----
Spellcasting   | 2 3 5 |  5.0
Conjurations   | 4 5 7 8 |  8.9
Hexes          | 1 2 3 |  3.0
Air Magic      | 2 3 |  3.0
Dodging        | |  1.7
Stealth        | |  2.1

Action                   |  1- 3 |  4- 6 |  7- 9 || total
-------------------------+-------+-------+-------++-------
Melee: Unarmed           |    66 |    36 |       ||   102
       Dagger            |       |    31 |    57 ||    88
 Cast: Magic Dart        |    74 |   212 |   238 ||   524
       Dazzling Flash    |     2 |     2 |     4 ||     8
       Searing Ray       |     1 |     9 |    34 ||    44
  Use: Scroll            |       |       |    13 ||    13
 Stab: Invisible         |       |     1 |     2 ||     3
Armor: Robe              |    12 |     8 |    45 ||    65
Dodge: Dodged            |    67 |    90 |   127 ||   284

Table legend: (Time is in decaauts)
 A = Elapsed time spent in this place.
 B = Non-inter-level travel time spent in this place.
 C = Inter-level travel time spent in this place.
 D = Time resting spent in this place.
 E = Time spent auto-exploring this place.
 F = Levels seen in this place.
 G = Mean time per level.
                   A        B        C        D        E       F      G
               +--------+--------+--------+--------+--------+-----+--------+
         Total |  11284 |  11041 |    243 |   3436 |   5756 |   8 | 1410.5 |
       Dungeon |  10407 |  10164 |    243 |   3091 |   5461 |   7 | 1486.7 |
         Sewer |    877 |    877 |      0 |    345 |    295 |   1 |  877.0 |
               +--------+--------+--------+--------+--------+-----+--------+

Top non-repeatable levels by time:
     D:1: 3142 daAuts
     D:4: 1975 daAuts
     D:2: 1764 daAuts
     D:3: 1540 daAuts
     D:5: 1196 daAuts
   Sewer: 877 daAuts
     D:6: 728 daAuts
     D:7: 60 daAuts

Table legend:
 A = Kills in this place as a percentage of kills in entire the game.
 B = Kills by you in this place as a percentage of kills by you in the entire game.
 C = Kills by friends in this place as a percentage of kills by friends in the entire game.
 D = Other kills in this place as a percentage of other kills in the entire game.
 E = Experience gained in this place as a percentage of experience gained in the entire game.
 F = Experience gained in this place divided by the number of levels of this place that you have seen.
                   A       B       C       D       E      F
               +-------+-------+-------+-------+-------+----------------------
         Total | 100.0 | 100.0 |   N/A |   N/A | 100.0 | 439.9
       Dungeon |  84.3 |  84.3 |   N/A |   N/A |  78.5 | 394.9
         Sewer |  15.7 |  15.7 |   N/A |   N/A |  21.5 | 755.0
               +-------+-------+-------+-------+-------+----------------------
